[Event "GCT Superbet Romania 2024"]
[Site "Bucharest"]
[Date "2024.07.03"]
[Round "7.5"]
[White "Gukesh D"]
[Black "Caruana, Fabiano"]
[Result "1/2-1/2"]
[ECO "C50"]
[WhiteElo "2763"]
[BlackElo "2805"]
[Annotator "TA"]
[PlyCount "124"]
[EventDate "2024.06.24"]
[EventType "tourn"]
[EventCountry "ROU"]
[SourceTitle "playchess.com"]
[Source "ChessBase"]
[SourceQuality "1"]
[TimeControl "7200+30"]

1. e4 e5 2. Nf3 Nc6 3. Bc4 Bc5 4. d3 d6 5. a4 a5 6. Nc3 h6 7. Be3 Bb4 8. O-O {[%emt 0:03:42] White has an edge.} Bxc3 9. bxc3 Nf6 10. Nd2 O-O 11. f4 Be6 12. Bb5 Ng4 13. Qe1 Nxe3 14. Qxe3 exf4 15. Rxf4 Ne5 16. d4 Ng6 17. Rf2 Qg5 18. Nf1 Rad8 19. Rb1 b6 20. g3 Ne7 21. Qe2 Bg4 22. Qd3 Kh8 23. Ne3 Bh3 24. Qd2 d5 25. exd5 (25. Nxd5 {simplifies} Nxd5 26. Qxg5 hxg5 27. exd5 Rxd5 28. Bc4) 25... Nxd5 26. Re1 c5 27. Nxd5 Qxd5 28. Rf4 Qd6 29. Qf2 Be6 30. Bd3 Rfe8 31. Rfe4 Rf8 32. Rf4 Rde8 33. Rb1 Rc8 34. Rf1 cxd4 35. cxd4 (35. Qxd4 $11 Rfd8 36. Rb1) 35... Bc4 $15 36. Qe3 f6 37. Rb1 Bxd3 (37... Qa3 $15 38. d5 Bxd3 (38... Qxa4 $2 {loses.} 39. Qe4 $18) (38... Bxd5 39. Qxb6 Qc3 40. Qd4 $11) 39. Qxd3 Rc3) 38. Qxd3 $11 Qc6 39. d5 Qc5+ 40. Rf2 Rfe8 41. Rb5 Qd6 42. Qd4 Rc5 43. Rxc5 bxc5 {[%emt 0:00:03][%mdl 4096] Endgame. KQR-KQR} 44. Qd3 Qd7 45. Rf4 Re5 46. c4 Qxa4 47. Rf1 Qd7 $36 {[%emt 0:01:07][%mdl 2048] Black fights for an advantage.} 48. Rb1 Re8 49. Qa3 Qe7 50. Rf1 Ra8 51. Qa4 ({White should play} 51. Qf3) 51... Qe3+ $17 52. Kg2 Rb8 53. Rf2 {[%emt 0:00:37][%cal Oa4c2] Prevents Rb2.} Qe4+ 54. Kh3 {[%emt 0:00:00] [#]} Rb4 (54... Kg8 $1 $17 55. Qc6 Qe7 (55... Qxc4 56. Qe6+ Kh7 57. Rxf6 $11)) 55. Rf4 (55. Qd7 $15) 55... Qe2 (55... Qe7 $17 56. Qxa5 g5) 56. Qd7 $15 Rb2 (56... Rb8 $15 57. d6 a4) 57. Qc8+ $11 {[%emt 0:00:09] The position is equal.} Kh7 58. Qf5+ Kg8 59. Qc8+ Kh7 60. Qf5+ Kg8 61. Qc8+ Kh7 62. Qf5+ Kg8 {[%emt 0:00:13] Weighted Error Value: White=0.10 (very precise) /Black=0.11 (very precise) .  Mistake:       	White=3     	Black=4      Inaccurate:     	White=5     	Black=5      OK:         	White=15    	Black=26     Best:        	White=9     	Black=3} (62... Kh8 $5 63. Qc8+ $8 Kh7 $11) 1/2-1/2

[Event "GCT Superbet Romania 2024"]
[Site "Bucharest"]
[Date "2024.07.04"]
[Round "8.1"]
[White "Vachier-Lagrave, Maxime"]
[Black "So, Wesley"]
[Result "1/2-1/2"]
[ECO "C54"]
[WhiteElo "2732"]
[BlackElo "2757"]
[Annotator "RC"]
[PlyCount "106"]
[EventDate "2024.06.24"]
[EventType "tourn"]
[EventCountry "ROU"]
[SourceTitle "playchess.com"]
[Source "ChessBase"]
[SourceQuality "1"]
[TimeControl "7200+30"]

1. e4 e5 2. Nf3 Nc6 3. Bc4 Bc5 4. c3 Nf6 5. d3 d6 6. O-O a5 7. Nbd2 O-O 8. h3 h6 9. Re1 a4 10. Nf1 Bd7 11. d4 Bb6 12. Ng3 Re8 13. Be3 exd4 14. Nxd4 Ne5 15. Bf1 Ng6 16. Nf3 Nxe4 17. Nxe4 Rxe4 18. Bxb6 Rxe1 19. Nxe1 cxb6 20. Qxd6 Bc6 21. Rd1 Qg5 22. Qd2 Nf4 23. g3 Ne6 24. Qxg5 Nxg5 25. h4 Nf3+ 26. Nxf3 Bxf3 27. Rd6 Bc6 28. Bg2 Rc8 29. a3 Kf8 30. Kf1 Ke7 31. Rd4 b5 32. Bh3 Rf8 33. Bf5 Re8 34. Bd3 Kf8 35. h5 Re5 36. Be2 Bg2+ 37. Kxg2 Rxe2 38. Rb4 Re5 39. g4 Rc5 40. f3 f5 41. Kg3 Ke7 42. Rd4 fxg4 43. fxg4 Re5 44. Kf4 Rg5 45. Rd1 Rc5 46. Rd4 Rg5 47. Rd1 Rc5 48. Rd4 Rg5 49. Re4+ Kd7 50. Re5 Rxe5 51. Kxe5 Ke7 52. Kd5 Kf6 53. Kc5 Kg5 1/2-1/2

[Event "GCT Superbet Romania 2024"]
[Site "Bucharest"]
[Date "2024.07.04"]
[Round "8.2"]
[White "Firouzja, Alireza"]
[Black "Nepomniachtchi, Ian"]
[Result "1/2-1/2"]
[ECO "D02"]
[WhiteElo "2737"]
[BlackElo "2770"]
[Annotator "RC"]
[PlyCount "89"]
[EventDate "2024.06.24"]
[EventType "tourn"]
[EventCountry "ROU"]
[SourceTitle "playchess.com"]
[Source "ChessBase"]
[SourceQuality "1"]
[TimeControl "7200+30"]

1. d4 Nf6 2. Nf3 d5 3. Bf4 c5 4. e3 Nc6 5. Nbd2 Nh5 6. dxc5 Nxf4 7. exf4 a5 8. Bb5 e6 9. Ne5 Bd7 10. Nxd7 Qxd7 11. Qf3 Qc7 12. O-O-O Be7 13. f5 O-O 14. Qg3 Qxg3 15. fxg3 Nd4 16. Bd3 Bxc5 17. fxe6 fxe6 18. Rhe1 Rae8 19. g4 Rf2 20. c3 Nc6 21. Nf3 g6 22. Ng5 Bd6 23. Rxe6 Rxe6 24. Nxe6 Kf7 25. Ng5+ Kf6 26. Nf3 Bf4+ 27. Kb1 Rxg2 28. Bb5 Ne7 29. h3 Rg3 30. Rf1 g5 31. Nd4 Ng6 32. Rh1 Rg2 33. Nb3 b6 34. Rd1 Ne7 35. Nd4 Be3 36. Nc6 Rg1 37. Rxg1 Bxg1 38. Nxe7 Kxe7 39. Kc2 Kd6 40. Kd3 Ke5 41. Bc6 Kd6 42. Bb5 Ke5 43. Bc6 Kd6 44. Bb5 Ke5 45. Bc6 1/2-1/2

[Event "GCT Superbet Romania 2024"]
[Site "Bucharest"]
[Date "2024.07.04"]
[Round "8.3"]
[White "Gukesh D"]
[Black "Giri, Anish"]
[Result "1/2-1/2"]
[ECO "E49"]
[WhiteElo "2763"]
[BlackElo "2745"]
[Annotator "TA"]
[PlyCount "60"]
[EventDate "2024.06.24"]
[EventType "tourn"]
[EventCountry "ROU"]
[SourceTitle "playchess.com"]
[Source "ChessBase"]
[SourceQuality "1"]
[TimeControl "7200+30"]

1. d4 Nf6 2. c4 e6 3. Nc3 Bb4 4. e3 O-O 5. Bd3 d5 6. a3 Bxc3+ 7. bxc3 dxc4 8. Bxc4 c5 9. Ne2 Qc7 10. Bd3 Nc6 11. f4 b6 12. O-O Bb7 13. Ng3 {[%emt 0:00:07] The position is equal.} Ne7 14. e4 (14. c4 $11) 14... cxd4 $1 $15 15. cxd4 Qc3 $1 16. Ra2 (16. Qe2 $5) 16... Qxd4+ 17. Kh1 $1 {[%emt 0:00:03] [#] And now e5 would win.} Rad8 {[%emt 0:32:44][%cal Rf6e4] Threatens to win with ...Nxe4!} (17... Bxe4 18. Bxe4 Qxd1 19. Rxd1 Nxe4 20. Nxe4 $18) (17... Rfd8 $5 18. Rd2 $8 Qc5 $15 (18... Bxe4 $2 19. Bxe4 $18)) 18. Rd2 Qe3 (18... Bxe4 $2 19. Bxe4 $18) 19. Rf3 Qc5 20. Bb2 Ng6 $1 21. h3 Rfe8 22. Rc2 Qe7 {[%emt 0:05:32][%cal Of6e4] [#] White must now prevent ...Nxe4!} 23. Qe1 Nh4 ({Don't play} 23... Nxf4 $6 24. Rxf4 (24. Bb5 e5 $14) 24... Rxd3 25. Bxf6 gxf6 26. Nh5 $14) 24. Re3 Rc8 25. Rxc8 Rxc8 26. Bf1 (26. Qf2 $11) 26... h6 27. Qd2 Rd8 28. Qe1 Rc8 29. Qd2 Rd8 30. Qe1 Rc8 {[%emt 0:00:36] Weighted Error Value: White=0.15 (very precise) /Black=0.17 (very precise) .  Mistake:       	White=2     	Black=1      Inaccurate:     	White=3     	Black=4      OK:         	White=7     	Black=4      Best:        	White=2     	---        Strong:       	White=1     	Black=3} (30... Rd7 $15) 1/2-1/2

[Event "GCT Superbet Romania 2024"]
[Site "Bucharest"]
[Date "2024.07.04"]
[Round "8.4"]
[White "Caruana, Fabiano"]
[Black "Praggnanandhaa R"]
[Result "1/2-1/2"]
[ECO "A13"]
[WhiteElo "2805"]
[BlackElo "2747"]
[Annotator "TA"]
[PlyCount "62"]
[EventDate "2024.06.24"]
[EventType "tourn"]
[EventCountry "ROU"]
[SourceTitle "playchess.com"]
[Source "ChessBase"]
[SourceQuality "1"]
[TimeControl "7200+30"]

1. c4 Nf6 2. Nf3 e6 3. b3 d5 4. Bb2 c5 5. cxd5 exd5 6. g3 Nc6 7. Bg2 d4 8. O-O Be7 9. Na3 O-O 10. Nc4 Be6 11. e3 Rc8 12. exd4 cxd4 13. Re1 Bc5 14. Nfe5 Bxc4 15. Nxc6 bxc6 16. Qc2 Bxb3 17. Qxc5 Bd5 18. Bxd4 Bxg2 19. Kxg2 {[%emt 0:00:11][%cal Od4f6] Black is weak on the dark squares} a6 20. Qc4 c5 $1 {[%emt 0:10:01] The position is equal.} 21. Bxc5 Qxd2 22. Qd4 Rfd8 23. Qxd2 Rxd2 24. Be3 Rdc2 25. a3 h6 26. Bd4 R8c6 27. Rad1 Ra2 28. Ra1 Rd2 29. Rad1 Ra2 30. Ra1 Rd2 31. Rad1 Ra2 {[%emt 0:01:29] An even fight not without its subleties.   Weighted Error Value: White=0.04 (flawless) /Black=0.04 (flawless) .  Inaccurate:     	White=1     	---        OK:         	White=9     	Black=11     Best:        	---       	Black=1      Strong:       	---       	Black=1} 1/2-1/2